 Dungeon Crawl Stone Soup version 0.22-a0-351-g29664b4 (webtiles) character file.

239 Kairos the Shield-Bearer (level 6, -4/48 HPs)
             Began as a Formicid Fighter on Apr 13, 2018.
             Slain by p0werm0de's ghost (6 damage)
             ... on level 4 of the Dungeon.
             The game lasted 00:05:34 (2398 turns).

Kairos the Shield-Bearer (Formicid Fighter)         Turns: 2398, Time: 00:05:35

Health: -4/48      AC:  8    Str: 22    XL:     6   Next: 29%
Magic:  6/6        EV:  9    Int:  7    God:
Gold:   71         SH: 10    Dex: 11    Spells: 5/5 levels left

rFire    . . .     SeeInvis +   a - +0 war axe
rCold    + . .     Gourm    .   c - +0 shield
rNeg     . . .     Faith    .   b - +0 scale mail
rPois    .         Spirit   .   (helmet unavailable)
rElec    .         Reflect  .   (no cloak)
rCorr    .         Harm     .   j - +0 pair of gloves
MR       +....                  (no boots)
Stlth    ..........             (no amulet)
HPRegen  0.16/turn              (no ring)
MPRegen  0.10/turn              (no ring)

@: no status effects
A: permanent stasis, dig shafts and tunnels, four strong arms, antennae 3, cold
resistance 1, magic resistance 1
a: Dig, Shaft Self


You were on level 4 of the Dungeon.
You were not hungry.

You visited 2 branches of the dungeon, and saw 5 of its levels.

You collected 71 gold pieces.

Inventory:

Hand Weapons
 a - a +0 war axe (weapon)
Armour
 b - a +0 scale mail (worn)
 c - a +0 shield (worn)
 j - a +0 pair of gloves (worn)
Wands
 g - a wand of flame (18)
Scrolls
 e - a scroll of identify
Potions
 d - a potion of might
 h - a potion of flight {unknown}
 k - a potion of heal wounds {unknown}
Comestibles
 f - 9 rations
 i - a chunk of flesh


   Skills:
 + Level 3.8 Fighting
 + Level 3.7 Axes
 + Level 4.1 Armour
 + Level 1.7 Dodging
 + Level 0.4 Stealth
 + Level 5.1 Shields


You had 5 spell levels left.
You didn't know any spells.

Dungeon Overview and Level Annotations

Branches:
Dungeon (4/15)             Temple (1/1) D:4

Altars:
Cheibriados
Kikubaaqudgha
Makhleb
Nemelex Xobeh
Ru
Sif Muna
Trog
Uskayaw
Vehumet
Wu Jian
Xom
Zin
The Shining One

Annotations:
D:3 2 transporters
D:4 p0werm0de's ghost, amateur DDFi


Innate Abilities, Weirdness & Mutations

You cannot be hasted, slowed, berserked, paralysed or teleported.
You can dig through walls and to a lower floor.
Your four strong arms can wield two-handed weapons with a shield.
You have a pair of large antennae on your head. (SInv)
Your flesh is cold resistant. (rC+)
You are resistant to hostile enchantments. (MR+)


Message History

You are too injured to fight recklessly!
You are too injured to fight recklessly!
You are too injured to fight recklessly!
You are too injured to fight recklessly!
You are too injured to fight recklessly!
You hit p0werm0de's ghost but do no damage.
P0werm0de's ghost is lightly damaged.
P0werm0de's ghost hits you. P0werm0de's ghost hits you!
* * * LOW HITPOINT WARNING * * *
You slash p0werm0de's ghost!
P0werm0de's ghost is moderately damaged.
P0werm0de's ghost hits you!
* * * LOW HITPOINT WARNING * * *
You slash p0werm0de's ghost!
P0werm0de's ghost is heavily damaged.
You block p0werm0de's ghost's attack.
You slash p0werm0de's ghost!
P0werm0de's ghost is severely damaged.
P0werm0de's ghost hits you.
You die...

########### ############
..........# #...)......# #
########..# #.########.### #.
#..###.#####......#
#..############..................
...)).).........@W.†...##.#.#.#.#
#..##)#.##############.##........
#. #.#.# #.##.#...... . .....
##.##........ ......g
##...#.#...>.. <####.###
##............. .# ..#
#.......#...... ## ###
##............. ##...#.#.#.#.#


You could see p0werm0de's ghost.

Vanquished Creatures
  A hound (D:4)
  An orc priest (D:3)
  4 gnolls (D:4)
  5 adders (D:2)
  A dart slug (D:1)
  3 leopard geckos
  16 orcs
  A ball python (D:1)
  5 bats
  3 giant cockroaches
  5 goblins
  5 hobgoblins
  7 jackals
  6 kobolds
  2 quokkas
  6 frilled lizards
  6 rats
77 creatures vanquished.

Notes
Turn   | Place    | Note
-------+----------+-------------------------------------------
     0 | D:1      | Kairos the Formicid Fighter began the quest for the Orb.
     0 | D:1      | Reached XP level 1. HP: 18/18 MP: 1/1
   161 | D:1      | Reached XP level 2. HP: 24/24 MP: 2/2
   550 | D:1      | Gained mutation: You are robust. (+10% HP) [potion of mutation]
   550 | D:1      | Gained mutation: You evolve. [potion of mutation]
   586 | D:1      | Lost mutation: You evolve. [evolution]
   602 | D:1      | Lost mutation: You are robust. (+10% HP) [potion of mutation]
   602 | D:1      | Gained mutation: You are resistant to hostile enchantments. (MR+) [potion of mutation]
   602 | D:1      | Gained mutation: Your flesh is cold resistant. (rC+) [potion of mutation]
   656 | D:2      | Reached skill level 4 in Shields
   656 | D:2      | Reached XP level 3. HP: 29/29 MP: 3/3
   779 | D:2      | Reached XP level 4. HP: 10/36 MP: 4/4
  1018 | D:2      | Found a burning altar of Makhleb.
  1558 | D:3      | Found a transporter.
  1566 | D:3      | Reached XP level 5. HP: 37/41 MP: 5/5
  1634 | D:3      | Found a transporter.
  1649 | D:3      | Reached skill level 1 in Dodging
  1720 | D:3      | Found a bloodstained altar of Trog.
  2133 | D:4      | Found a staircase to the Ecumenical Temple.
  2156 | Temple   | Entered the Ecumenical Temple
  2259 | D:4      | Reached XP level 6. HP: 34/48 MP: 6/6
  2286 | D:4      | Reached skill level 5 in Shields
  2386 | D:4      | Noticed p0werm0de's ghost (amateur DDFi)
  2396 | D:4      | HP: 1/48 [p0werm0de's ghost (9)]
  2398 | D:4      | Slain by p0werm0de's ghost

Vault maps used:
D:1:      kilobyte_arrival_exit_the_forest
D:2:      lemuel_round_altar
D:3:      gammafunk_wand_slinger, overflow_temple_1_default
D:4:      grunt_qazlal_clouds, minmay_temple_entry_glass, serial_shops, shop,
          nicolae_shop_waterfront, kennysheep_another_room,
          grunt_decor_mini_mirrors, st_stairs_6, uniq_sigmund
Temple:   chequers_temple_sunken

Skill      XL: |  1  2  3  4  5  6 |
---------------+-------------------+-----
Shields        | 4 5 |  5.1
Armour         | 4 |  4.1
Axes           | 3 |  3.7
Dodging        | 1 |  1.7
Fighting       | |  3.8
Stealth        | |  0.4

Action                   |  1- 3 |  4- 6 || total
-------------------------+-------+-------++-------
Melee: War axe           |    82 |   158 ||   240
  Use: Scroll            |     2 |     6 ||     8
       Potion            |     2 |       ||     2
  Eat: Chunk             |       |     5 ||     5
Armor: Scale mail        |    46 |    61 ||   107
Dodge: Dodged            |    30 |    49 ||    79
Block: Shield            |    45 |    93 ||   138

Table legend:
 A = Spawn XP
 B = Non-spawn XP
 C = Spawn XP percentage of total XP
 D = Spawn monster count
 E = Non-spawn monster count
 F = Spawn count percentage of total count
 G = Total turns spent on level
                    A         B        C        D         E        F      G
               +---------+---------+-------+---------+---------+-------+---------
         Total |       0 |     342 |   0.0 |       0 |      77 |   0.0 |  2398
               +---------+---------+-------+---------+---------+-------+---------
           D:1 |       0 |      23 |   0.0 |       0 |      13 |   0.0 |   629
           D:2 |       0 |      95 |   0.0 |       0 |      23 |   0.0 |   798
           D:3 |       0 |     108 |   0.0 |       0 |      30 |   0.0 |   678
           D:4 |       0 |     116 |   0.0 |       0 |      11 |   0.0 |   231
               +---------+---------+-------+---------+---------+-------+---------
